AoeStats
← Bear_Pig_Man

Black Forest

510221732Analyzed
4v4 RM · 2d ago on Sep 30, 2026· 52m 45s· 8 players
Game mode
Random Map
Map size
Large (8 player)
Population
200
Speed
Normal
Resources
Standard
Victory
Conquest
Starting age
Dark Age
Ending age
Imperial Age
RankedLock teamsTeams togetherTeam positionsShared explorationLock speedFull tech treeHidden civsTurbo modeCheats
Victory
Defeat
🇲🇽 Aztecs · Mexico
1059
+16
🇺🇸 Khmer · United States
1031
+17
🇺🇸 Turks · United States
1024
+17
🇺🇸 Varangians · United States
1009
+18
🇳🇴 Wu · Norway
1208
-22
🇳🇱 Danes · Netherlands
1099
-19
🇵🇱 Varangians · Poland
994
-15
🇮🇪 Franks · Ireland
922
-12
Bear_Pig_Man
0:52 Loom
14:28 Feudal Age
16:06 Double-Bit Axe
17:04 Horse Collar
20:01 Castle Age
20:53 Bow Saw
24:40 Imperial Age
24:23 Wheelbarrow
25:18 Heavy Plow
28:34 Hand Cart
29:05 Caravan
31:08 Gold Mining
31:09 Town Watch
32:12 Stone Mining
33:00 Gold Shaft Mining
32:53 Town Patrol
34:11 Fletching
35:41 Two-Man Saw
34:54 Forging
34:50 Scale Barding Armor
34:30 Heavy Camel Rider
35:22 Bloodlines
36:10 Husbandry
38:26 Iron Casting
38:47 Artillery
49:55 Chain Barding Armor
50:36 Blast Furnace
49:31 Bodkin Arrow
Notalawyer
0:27 Loom
13:14 Feudal Age
18:14 Castle Age
17:37 Horse Collar
19:05 Double-Bit Axe
19:21 Heavy Plow
21:13 Bow Saw
31:55 Squires
31:40 Gambesons
31:57 Scale Mail Armor
32:07 Forging
33:02 Wheelbarrow
36:24 Imperial Age
36:32 Imperial Age
35:31 Caravan
36:32 Hand Cart
37:01 Hand Cart
37:52 Conscription
37:50 Gold Mining
38:56 Chain Mail Armor
40:12 Iron Casting
40:08 Plate Mail Armor
40:48 Siege Engineers
40:56 Elite Varangian Guard
44:07 Blast Furnace
42:32 Gothikon
43:44 Pikeman
44:53 Halberdier
45:19 Arson
45:13 Elite Skirmisher
47:12 Padded Archer Armor
47:02 Fletching
49:38 Bodkin Arrow
49:58 Leather Archer Armor
EvenEdge
10:56 Feudal Age
13:41 Castle Age
12:10 Double-Bit Axe
12:06 Horse Collar
15:03 Heavy Plow
20:02 Wheelbarrow
21:27 Gold Mining
22:35 Hand Cart
23:48 Gold Shaft Mining
28:18 Imperial Age
27:21 Bow Saw
27:53 Forging
27:49 Scale Barding Armor
28:56 Husbandry
29:07 Bloodlines
31:24 Iron Casting
31:09 Chain Barding Armor
32:52 Stone Mining
33:35 Crop Rotation
34:45 Chemistry
33:58 Siege Engineers
35:06 Stone Shaft Mining
35:03 Heavy Scorpion
38:50 Double Crossbow
39:11 Conscription
MadKitten 77
12:18 Feudal Age
13:49 Double-Bit Axe
16:55 Castle Age
15:12 Horse Collar
15:29 Stone Mining
15:36 Gold Mining
17:07 Wheelbarrow
17:10 Loom
34:42 Imperial Age
33:07 Heavy Plow
33:20 Bow Saw
33:30 Hand Cart
34:34 Eagle Warrior
34:59 Arson
35:15 Squires
34:35 Pikeman
34:36 Man-at-Arms
35:01 Gambesons
36:50 Crop Rotation
36:52 Elite Eagle Warrior
38:15 Forging
38:05 Scale Mail Armor
38:39 Conscription
38:40 Garland Wars
39:53 Iron Casting
40:16 Chain Mail Armor
40:01 Elite Jaguar Warrior
41:57 Blast Furnace
41:31 Plate Mail Armor
40:42 Capped Ram
45:14 Siege Ram
47:51 Fortified Wall
47:37 Murder Holes
47:50 Fletching
48:52 Bodkin Arrow
50:19 Chemistry
KoryT
1:24 Loom
13:48 Feudal Age
18:49 Castle Age
17:00 Double-Bit Axe
17:39 Horse Collar
21:42 Stone Mining
28:27 Wheelbarrow
30:12 Scale Barding Armor
30:20 Heavy Plow
31:38 Gold Mining
36:09 Imperial Age
34:04 Chain Barding Armor
33:54 Forging
34:03 Bloodlines
33:53 Husbandry
34:31 Stone Shaft Mining
34:17 Fortified Wall
34:17 Masonry
35:05 Hand Cart
35:35 Town Watch
37:04 Iron Casting
36:49 Bow Saw
37:56 Conscription
38:23 Elite Jarl
40:13 Crop Rotation
40:40 Plate Barding Armor
39:59 Fletching
41:38 Blast Furnace
40:32 Fletching
45:03 Gambesons
45:18 Squires
45:04 Arson
44:39 Elite Varangian Guard
45:05 Gothikon
46:41 Scale Mail Armor
46:37 Bodkin Arrow
50:03 Chain Mail Armor
49:31 Pikeman
50:47 Bracer
51:56 Plate Mail Armor
51:52 Ballistics
52:33 Chemistry
52:04 Architecture
51:58 Murder Holes
Hermes Trismegistus
6:45 Loom
11:27 Feudal Age
13:04 Double-Bit Axe
17:32 Castle Age
20:47 Husbandry
28:37 Wheelbarrow
28:42 Forging
28:38 Scale Barding Armor
30:44 Gold Mining
30:45 Stone Mining
31:12 Bow Saw
31:51 Hand Cart
32:50 Gold Shaft Mining
33:26 Iron Casting
33:11 Chain Barding Armor
37:50 Imperial Age
36:48 Town Watch
38:15 Cavalier
39:10 Chivalry
39:31 Conscription
39:45 Paladin
47:21 Pikeman
48:01 Squires
47:47 Arson
48:00 Halberdier
Atlicious
10:35 Feudal Age
11:42 Double-Bit Axe
15:27 Castle Age
17:53 Horse Collar
21:25 Bow Saw
21:56 Wheelbarrow
23:20 Scale Barding Armor
26:01 Chain Barding Armor
25:52 Forging
26:40 Bloodlines
26:31 Husbandry
28:25 Hand Cart
29:13 Iron Casting
28:56 Loom
28:56 Town Watch
30:44 Heavy Plow
31:05 Fletching
31:16 Padded Archer Armor
35:03 Imperial Age
32:50 Bodkin Arrow
33:49 Light Cavalry
34:59 Leather Archer Armor
35:02 Red Cliffs Tactics
35:04 Heavy Hei Guang Cavalry
36:50 Sitting Tiger
36:53 Bracer
36:31 Elite Fire Archer
37:52 Ballistics
38:33 Chemistry
42:18 Hussar
Medina90
12:26 Feudal Age
12:31 Loom
15:47 Castle Age
14:37 Double-Bit Axe
17:26 Horse Collar
23:48 Heavy Plow
24:46 Scale Mail Armor
26:17 Chain Mail Armor
28:48 Wheelbarrow
30:01 Gold Mining
30:25 Bow Saw
30:10 Stone Mining
34:21 Hand Cart
33:52 Town Watch
34:25 Squires
34:12 Arson
34:39 Forging
38:25 Imperial Age
37:41 Gold Shaft Mining
37:41 Stone Shaft Mining
36:43 Hamask
37:59 Iron Casting
39:45 Elite Varangian Guard
40:40 Onager
43:47 Siege Onager
46:25 Elite Jomsviking
Connection lost

Rejoining the realm…

Still unreachable

The connection could not be restored.

Session expired

The server has moved on; the page needs a fresh start.